 Dungeon Crawl Stone Soup version 0.25-b1-23-ge2ad7d536c (webtiles) character file.

Game seed: 1906727998327108136, levelgen mode: deterministic

75 Masnef the Sneak (level 4, -8/21 HPs)
             Began as a Spriggan Enchanter on May 31, 2020.
             Mangled by Prince Ribbit (10 damage)
             ... on level 5 of the Dungeon.
             The game lasted 00:22:32 (3948 turns).

Masnef the Sneak (Spriggan Enchanter)               Turns: 3948, Time: 00:22:32

Health: -8/21      AC:  2    Str:  4    XL:     4   Next: 11%
Magic:  1/9        EV: 18    Int: 17    God:
Gold:   250        SH:  0    Dex: 16    Spells: 2/8 levels left

rFire    . . .     SeeInvis +   a - +1 dagger
rCold    . . .     Gourm    .   (shield restricted)
rNeg     . . .     Faith    .   b - +0 robe
rPois    .         Spirit   .   (helmet restricted)
rElec    .         Reflect  .   (no cloak)
rCorr    .         Harm     .   (gloves unavailable)
MR       +....                  (boots unavailable)
Stlth    ++++......             (no amulet)
HPRegen  0.07/turn              r - ring of protection from magic
MPRegen  0.11/turn              (no ring)

@: very slightly contaminated, very quick
A: very small, unfitting armour, see invisible, herbivore, speed 3, slow
metabolism 2
a: no special abilities


You were on level 5 of the Dungeon.
You were very hungry.

You visited 1 branch of the dungeon, and saw 6 of its levels.

You collected 250 gold pieces.

Inventory:

Hand Weapons
 a - a +1 dagger (weapon)
Armour
 b - a +0 robe (worn)
Magical Staves
 k - an uncursed staff of air
Jewellery
 r - a ring of protection from magic (left hand)
Scrolls
 e - 4 scrolls of identify {unknown}
 g - a scroll of remove curse
 h - 2 scrolls of blinking {unknown}
 i - 2 scrolls of teleportation {unknown}
 l - a scroll of fear {unknown}
 o - a scroll of magic mapping {unknown}
 p - a scroll of fog {unknown}
 q - a scroll of enchant weapon {unknown}
Potions
 c - a potion of might {unknown}
 f - 2 potions of curing
 j - a potion of berserk rage {unknown}
 m - a potion of flight {unknown}
 n - a potion of brilliance {unknown}
 s - 2 potions of stabbing {unknown}
 t - 2 potions of resistance
Comestibles
 d - 11 rations


   Skills:
 - Level 1.1 Short Blades
 - Level 3.0 Dodging
 + Level 7.7 Stealth
 - Level 2.6 Spellcasting
 - Level 3.6 Hexes


You had 2 spell levels left.
You knew the following spells:

 Your Spells              Type           Power        Failure   Level  Hunger
a - Corona                Hex            ##.....      4%          1    #......
b - Ensorcelled Hibernat  Hex/Ice        #.....       13%         2    ##.....
c - Confusing Touch       Hex            ##......     12%         3    ###....

Your spell library contained the following spells:

 Spells                   Type           Power        Failure   Level  Hunger
 Beastly Appendage        Tmut           #.....       19%         1    #......
 Sticks to Snakes         Tmut           #.......     26%         2    ##.....
 Tukima's Dance           Hex            ##......     12%         3    ###....
 Dazzling Flash           Conj/Hex       #.....       26%         3    ###....
 Gell's Gravitas          Tloc           #.........   47%         3    ###....
 Spider Form              Tmut/Pois      #.........   47%         3    ###....
 Ice Form                 Ice/Tmut       #.......     87%         4    #####..
 Petrify                  Tmut/Erth      #.......     87%         4    #####..
 Metabolic Englaciation   Hex/Ice        #.........   94%         5    ######.
 Yara's Violent Unravell  Hex/Tmut       #.........   94%         5    ######.
 Blade Hands              Tmut           #.........   99%         5    ######.


Dungeon Overview and Level Annotations

Branches:
Dungeon (6/15)
 Temple: D:4-7

Altars:
Nemelex Xobeh
Qazlal

Shops:
D:5 %%

Annotations:
D:3 exclusion: orc priest
D:5 Prince Ribbit


Innate Abilities, Weirdness & Mutations

You are very small and have problems with some larger weapons.
You are too small for most types of armour.
You have supernaturally acute eyesight. (SInv)
You are a herbivore.
You cover ground extremely quickly.
You need to consume almost no food.


Message History

Prince Ribbit barely misses you.
Casting: Ensorcelled Hibernation (safe; 13% risk of failure)
Confirm with . or Enter, or press ? or * to list all spells.
Aiming: Ensorcelled Hibernation (safe; 13% risk of failure)
Press: ? - help, Shift-Dir - straight line, f/p - Prince Ribbit
Aim: Prince Ribbit (chance to defeat MR: 23%)
You miscast Ensorcelled Hibernation.
You are very lightly contaminated with residual magic.
Nothing appears to happen.
Prince Ribbit barely misses you. Prince Ribbit hits you!!
Ouch! That really hurt!
* * * LOW HITPOINT WARNING * * *
Casting: Ensorcelled Hibernation (safe; 13% risk of failure)
Confirm with . or Enter, or press ? or * to list all spells.
Aiming: Ensorcelled Hibernation (safe; 13% risk of failure)
Press: ? - help, Shift-Dir - straight line, f/p - Prince Ribbit
Aim: Prince Ribbit (chance to defeat MR: 23%) Prince Ribbit resists with almost no effort.
Prince Ribbit hits you!
You die...

########## ##
#........# #.
#...@....############
+...F..............>.
#........##+#########
#............
#.............
#..########+++#######
#..########...#######
#..####°###...###.###
###○.§##.≈.##§§☼##


You could see Prince Ribbit.

Vanquished Creatures
  A hound (D:5)
  2 adders
  An adder skeleton (D:5)
  A dart slug (D:1)
  A leopard gecko (D:5)
  5 bats
  A goblin (D:1)
  3 hobgoblins
  4 kobolds
  A quokka (D:4)
  A frilled lizard (D:2)
  A leopard gecko skeleton (D:4)
22 creatures vanquished.

Notes
Turn   | Place    | Note
-------+----------+-------------------------------------------
     0 | D:1      | Masnef the Spriggan Enchanter began the quest for the Orb.
     0 | D:1      | Reached XP level 1. HP: 9/9 MP: 5/5
   134 | D:1      | Reached skill level 5 in Stealth
   296 | D:1      | Reached XP level 2. HP: 13/13 MP: 6/6
   300 | D:1      | Learned a level 2 spell: Ensorcelled Hibernation
   788 | D:2      | You fall into a shaft and drop 1 floor!
   809 | D:4      | Reached skill level 6 in Stealth
   930 | D:5      | Entered Level 5 of the Dungeon
   976 | D:5      | Noticed Prince Ribbit
  1039 | D:5      | Reached skill level 7 in Stealth
  1039 | D:5      | Reached XP level 3. HP: 16/16 MP: 5/8
  1151 | D:5      | Found a sparkling altar of Nemelex Xobeh.
  1218 | D:5      | Noticed a scorpion
  1300 | D:5      | Found Wueczove's Food Shop.
  1825 | D:2      | Learned a level 3 spell: Confusing Touch
  2325 | D:2      | Reached XP level 4. HP: 21/21 MP: 1/9
  2382 | D:2      | Found a stormy altar of Qazlal.
  3561 | D:5      | Found Atiech's Food Shop.
  3948 | D:5      | Mangled by Prince Ribbit

Illustrated notes

Levels and vault maps discovered:
D:1:      ncdulo_lavacross, layout_basic
D:2:      layout_loops_corners, nicolae_qazlal_eye_of_the_storm
D:3:      layout_basic, lemuel_crystal_altar, minmay_close_crescents
D:4:      layout_loops_ring, first_ration, gup_sewer_entry_bowl
D:5:      layout_basic, nemelex_altar_shiori, serial_shops, shop, shop,
          wad_floor_pattern_1, uniq_prince_ribbit1
D:6:      layout_basic, overflow_temple_1_default,
          minmay_temple_entry_steel_oval, fedhas_altar_1, uniq_maggie,
          uniq_pikel, uniq_edmund, uniq_grinder

Skill      XL: |  1  2 |
---------------+-------+-----
Stealth        | 5 7 |  7.7
Short Blades   | |  1.1
Dodging        | |  3.0
Spellcasting   | |  2.6
Hexes          | |  3.6

Action                   |  1- 3 |  4- 6 || total
-------------------------+-------+-------++-------
Melee: Dagger            |    97 |    31 ||   128
 Cast: Corona            |     2 |       ||     2
       Ensorcelled Hiber |     9 |     5 ||    14
       Confusing Touch   |       |     1 ||     1
  Use: Potion            |     2 |     2 ||     4
       Scroll            |     1 |       ||     1
 Stab: Sleeping          |     9 |     2 ||    11
       Confused          |       |     1 ||     1
Armor: Robe              |    24 |     4 ||    28
Dodge: Dodged            |   189 |    86 ||   275
